 Dungeon Crawl Stone Soup version 0.13.0-7-g3df9ff1 (webtiles) character file.

12847 MackTheKnife the Spear-Bearer (level 11, -3/93 HPs)
             Began as a Centaur Gladiator on Oct 16, 2013.
             Was an Elder of Fedhas.
             Slain by a guardian serpent (19 damage)
             ... on Level 12 of the Dungeon.
             The game lasted 00:36:21 (14381 turns).

MackTheKnife the Spear-Bearer (Centaur Gladiator)  Turns: 14381, Time: 00:36:24

HP  -3/93        AC 13     Str 20      XL: 11   Next: 60%
MP   7/7         EV 16     Int  7      God: Fedhas [****..]
Gold 598         SH  0     Dex 17      Spells:  0 memorised, 10 levels left

Res.Fire  : . . .   See Invis. : .   R - +1,+3 halberd (flame)
Res.Cold  : . . .   Warding    : +   b - +0 leather armour (curse)
Life Prot.: + . .   Conserve   : .   (no shield)
Res.Poison: .       Res.Corr.  : .   M - +0 helmet of Qicivid {Str+3 Dex+3}
Res.Elec. : .       Clarity    : .   I - +0 cloak
Sust.Abil.: . .     Spirit.Shd : .   x - +1 pair of elf gloves
Res.Mut.  : .       Stasis     : .   (no barding)
Res.Rott. : .       Flight     : .   o - amulet of warding
Saprovore : . . .                    t - +5 ring of protection
                                     F - ring of sustenance

@: mildly poisoned, very quick, somewhat resistant to hostile enchantments, very
unstealthy
A: hooves 3, deformed body, herbivore 1, speed 2, fast metabolism 1, tough skin
3
a: Evolution, Sunlight, Growth, Reproduction, Renounce Religion


You were on level 12 of the Dungeon.
You worshipped Fedhas.
Fedhas was greatly pleased with you.
You were not hungry.

You visited 2 branches of the dungeon, and saw 13 of its levels.

You collected 578 gold pieces.

Inventory:

Hand weapons
 E - a +1,+2 orcish halberd of dragon slaying
 J - a +3,+2 trident
 R - a +1,+3 halberd of flaming (weapon)
Armour
 b - a cursed +0 leather armour (worn)
 c - a +0 helmet
 x - a +1 pair of elven gloves (worn)
 I - a +0 cloak (worn)
 M - the +0 helmet of Qicivid (worn) {Str+3 Dex+3}
   (You found it on level 10 of the Dungeon)

   It affects your strength (+3).
   It affects your dexterity (+3).
Magical devices
 a - a wand of heal wounds (3)
 d - a wand of digging (1)
 e - a wand of flame (0)
 w - a wand of enslavement (8)
 z - a wand of flame (4)
 G - a wand of enslavement (14)
Comestibles
 f - 2 bread rations
 q - 3 apples
 v - 4 meat rations
 L - a choko
Scrolls
 i - 5 scrolls of remove curse
 j - 3 scrolls of fear
 p - 6 scrolls of teleportation
 y - 5 scrolls of identify
 A - 2 scrolls of enchant armour
 P - 3 scrolls of curse jewellery {unknown}
Jewellery
 m - an uncursed ring of sustain abilities
 o - an amulet of warding (around neck)
 t - a +5 ring of protection (right hand)
 C - an uncursed ring of positive energy
 D - a +4 ring of intelligence
 F - a ring of sustenance (left hand)
Potions
 g - 2 potions of agility {unknown}
 h - a potion of might {unknown}
 l - a potion of magic {unknown}
 n - a potion of restore abilities {unknown}
 r - 5 potions of curing
 s - a potion of brilliance {unknown}
 u - a potion of flight {unknown}
 N - a potion of mutation {unknown}
 O - a potion of resistance {unknown}
 Q - a potion of porridge {unknown}
Books
 k - a book of Geomancy

   Spells                             Type                      Level
   Sandblast                          Earth                        1
   Stoneskin                          Transmutation/Earth          2
   Passwall                           Transmutation/Earth          3
   Stone Arrow                        Conjuration/Earth            3
   Petrify                            Transmutation/Earth          4
   Lee's Rapid Deconstruction         Earth                        5
 H - a book of Unlife

   Spells                             Type                      Level
   Recall                             Summoning/Translocation      3
   Animate Dead                       Necromancy                   4
   Control Undead                     Necromancy                   4
   Twisted Resurrection               Necromancy                   5
   Death Channel                      Necromancy                   6
   Simulacrum                         Ice/Necromancy               6
 K - a book of Alchemy

   Spells                             Type                      Level
   Lethal Infusion                    Charms/Necromancy            2
   Sublimation of Blood               Necromancy                   2
   Condensation Shield                Ice                          4
   Alistair's Intoxication            Transmutation/Poison         4
   Petrify                            Transmutation/Earth          4
   Ignite Poison                      Fire/Transmutation           5


   Skills:
 - Level 10.0 Fighting
 - Level 10.0 Polearms
 - Level 2.6 Throwing
 - Level 1.0 Armour
 + Level 9.5 Dodging


You had 10 spell levels left.
You didn't know any spells.

Dungeon Overview and Level Annotations

Branches:
Dungeon (12/27)            Temple (1/1) D:4             Orc (0/4) D:8
   Lair: D:8-13

Altars:
Cheibriados
Elyvilon
Fedhas
Kikubaaqudgha
Makhleb
Nemelex Xobeh
Okawaru
Sif Muna
Vehumet
Xom
Yredelemnul
Zin
the Shining One

Portals:
Trove: D:11 (show abyssal rune of Zot)

Annotations:
D:4 Sigmund


Innate Abilities, Weirdness & Mutations

You have hooves in place of feet.
Armour fits poorly on your strangely shaped body.
You digest meat inefficiently.
You cover ground very quickly.
You have a fast metabolism.
You have extremely tough skin (AC +3).


Message History

Aim: a troll (moderately wounded)
You reach to attack!
You puncture the troll! You burn the troll!
The troll is almost dead.
The guardian serpent shouts!
Attack whom?
Press: ? - help, Dir - move target cursor, f/p - troll
Aim: a troll (severely wounded)
You reach to attack!
You closely miss the troll.
The troll is severely wounded.
You impale the troll!! You burn the troll.
You kill the troll!
You barely miss the guardian serpent. You kick the guardian serpent.
The guardian serpent is heavily wounded.
The guardian serpent coils itself and waves its upper body at you.
The bolt of poison hits you!
You are poisoned.
* * * LOW HITPOINT WARNING * * *
The guardian serpent hits you!
You die...
Fedhas appreciates your contribution to the ecosystem.

.....# .....#
..... ..? ...###
..). #....# ...
#....# .
#.########....#
'###'#......'....#
<.......#####...@#
........# ####S#
........# #.#
..f.....# #.####
........# #.##.#
...%.f..# #.##.#
ff.#.#### #.##.#
...#.# #.##.# #
...#.# #.##.##.#


You could see a guardian serpent.

Vanquished Creatures
  A vault guard (D:11)
  A hydra (D:11)
  2 skeletal warriors (D:12)
  Pikel (D:8)
  Maurice (D:9)
  A two-headed ogre (D:10)
  A troll (D:12)
  A hill giant zombie (D:9)
  3 wyverns
  5 yaks (D:12)
  Eustachio (D:10)
  Grum (D:10)
  A hill giant skeleton (D:11)
  2 wolves
  A hippogriff (D:11)
  A soldier ant (D:11)
  3 ice beasts
  A sky beast (D:12)
  7 orc warriors
  3 slaves (D:8)
  2 phantoms
  A crocodile (D:12)
  7 centaurs
  3 ogres
  10 giant frogs
  Blork the orc (D:7)
  A big kobold (D:11)
  3 eyes of draining
  13 killer bees
  A hippogriff skeleton (D:11)
  A hippogriff zombie (D:8)
  7 wights
  3 goliath beetles
  5 crimson imps
  4 hounds
  3 jellies
  A giant frog zombie (D:11)
  A basilisk skeleton (D:10)
  6 orc priests
  A two-headed ogre zombie (D:11)
  5 worker ants
  3 giant frog skeletons
  4 orc wizards
  A quasit (D:9)
  5 scorpions
  8 iguanas
  An ogre skeleton (D:8)
  A hound skeleton (D:11)
  12 adders
  2 giant centipedes
  12 gnolls
  A giant mite (D:5)
  2 inept feature mimics
  5 worms
  A scorpion zombie (D:7)
  An adder skeleton (D:8)
  2 giant eyeballs
  4 giant geckos
  An ooze (D:5)
  48 orcs
  18 bats
  7 giant cockroaches
  11 goblins
  14 hobgoblins
  16 jackals
  A quokka (D:6)
  6 giant newts
  3 hobgoblin skeletons
  25 kobolds
  An orc zombie (D:10)
  A quokka skeleton (D:5)
  9 rats
  A rat skeleton (D:6)
  A rat zombie (D:5)
345 creatures vanquished.

Vanquished Creatures (collateral kills)
  A skeletal warrior (D:12)
  A wight (D:10)
2 creatures vanquished.

Vanquished Creatures (others)
  A wandering mushroom (D:10)
  A hyperactive ballistomycete (D:12)
  A slave (D:8)
  A killer bee (D:8)
  An adder (D:8)
  A hobgoblin (D:8)
  A kobold (D:8)
  2 giant spores (D:12)
  A quokka (D:8)
  A ballistomycete (D:12)
  110 toadstools
121 creatures vanquished.

Grand Total: 468 creatures vanquished

Notes
Turn   | Place    | Note
--------------------------------------------------------------
     0 | D:1      | MackTheKnife, the Centaur Gladiator, began the quest for the Orb.
     0 | D:1      | Reached XP level 1. HP: 18/18 MP: 0/0
   132 | D:1      | Reached skill level 3 in Polearms
   179 | D:1      | Reached XP level 2. HP: 8/25 MP: 1/1
   639 | D:1      | Reached XP level 3. HP: 30/30 MP: 2/2
  1225 | D:2      | Found a deep blue altar of Sif Muna.
  1277 | D:2      | Reached skill level 4 in Polearms
  1321 | D:2      | Reached skill level 1 in Armour
  1411 | D:2      | Reached XP level 4. HP: 32/38 MP: 2/2
  1738 | D:3      | Reached skill level 5 in Polearms
  1738 | D:3      | Reached XP level 5. HP: 25/44 MP: 3/3
  2667 | D:4      | Paralysed by a giant eyeball for 2 turns
  2788 | D:4      | Found a staircase to the Ecumenical Temple.
  2799 | Temple   | Entered the Ecumenical Temple
  2928 | Temple   | Became a worshipper of Fedhas Madash
  3143 | D:4      | Reached skill level 6 in Polearms
  3143 | D:4      | Reached XP level 6. HP: 40/50 MP: 4/4
  3731 | D:4      | Noticed Sigmund
  3741 | D:5      | Entered Level 5 of the Dungeon
  3978 | D:5      | Reached skill level 7 in Polearms
  4113 | D:5      | Reached XP level 7. HP: 38/56 MP: 4/4
  4431 | D:5      | Paralysed by a giant eyeball for 4 turns
  4439 | D:5      | Paralysed by a giant eyeball for 2 turns
  5057 | D:6      | Found an iron altar of Okawaru.
  5123 | D:6      | Reached skill level 8 in Polearms
  5444 | D:6      | Found a burning altar of Makhleb.
  5799 | D:7      | Found a white marble altar of Elyvilon.
  5882 | D:7      | Reached XP level 8. HP: 25/63 MP: 5/5
  5896 | D:7      | Acquired Fedhas' first power
  6106 | D:7      | Reached skill level 9 in Polearms
  6660 | D:7      | Reached skill level 10 in Polearms
  7138 | D:7      | Noticed Blork the orc
  7216 | D:7      | Killed Blork the orc
  7445 | D:7      | Reached skill level 5 in Fighting
  7529 | D:8      | Reached XP level 9. HP: 70/72 MP: 6/6
  7578 | D:8      | Noticed Pikel
  7620 | D:8      | Killed Pikel
  7754 | D:8      | Noticed an angel
  7759 | D:8      | Found a glowing silver altar of Zin.
  7760 | D:8      | Found a shimmering altar of Xom.
  8151 | D:8      | Found a staircase to the Orcish Mines.
  8325 | D:8      | Acquired Fedhas' second power
  9336 | D:9      | Found a glowing silver altar of Zin.
  9491 | D:10     | Entered Level 10 of the Dungeon
  9491 | D:10     | Noticed Maurice
  9674 | D:10     | Reached skill level 10 in Fighting
  9674 | D:10     | Reached XP level 10. HP: 39/86 MP: 6/6
  9891 | D:10     | Noticed Eustachio
  9911 | D:10     | Killed Eustachio
 10214 | D:10     | Noticed Grum
 10356 | D:9      | Killed Maurice
 10673 | D:10     | Got a transparent helmet
 10674 | D:10     | Identified the +0 helmet of Qicivid {Str+3 Dex+3} (You found it on level 10 of the Dungeon)
 10683 | D:10     | Reached skill level 5 in Dodging
 10983 | D:10     | Acquired Fedhas' third power
 11317 | D:10     | Killed Grum
 11803 | D:11     | Noticed a seven-headed hydra
 11845 | D:11     | Killed a one-headed hydra
 11979 | D:11     | Noticed a vault guard
 12005 | D:11     | Killed a vault guard
 12005 | D:11     | Reached XP level 11. HP: 37/93 MP: 7/7
 12221 | D:11     | Found a portal to a secret trove of treasure.
 13155 | D:12     | Acquired Fedhas' fourth power
 13575 | D:12     | Noticed a skeletal warrior
 13577 | D:12     | Noticed a skeletal warrior
 13578 | D:12     | Noticed a skeletal warrior
 13582 | D:12     | Noticed a skeletal warrior
 13651 | D:12     | Killed a skeletal warrior
 13653 | D:12     | Killed a skeletal warrior
 13962 | D:12     | Killed a skeletal warrior
 14381 | D:12     | Slain by a guardian serpent

Action                   |  1- 3 |  4- 6 |  7- 9 | 10-12 || total
-------------------------+-------+-------+-------+-------++-------
Melee: Trident           |   130 |   203 |   553 |   170 ||  1056
       Halberd           |       |       |       |   303 ||   303
Invok: Evolution         |       |       |       |     3 ||     3
Evoke: Wand              |       |       |    11 |    14 ||    25
  Use: Scroll            |       |    11 |    16 |     3 ||    30
       Potion            |       |     2 |     2 |     1 ||     5
 Stab: Distracted        |       |       |       |     1 ||     1
